 Dungeon Crawl Stone Soup version 0.24-a0-524-gf43b32f898 (webtiles) character file.

Game seed: 5350287928503702630

54 Flugkiller the Sneak (level 3, -8/25 HPs)
             Began as an Octopode Wanderer on July 31, 2019.
             Mangled by Natasha (9 damage)
             ... on level 2 of the Dungeon.
             The game lasted 00:02:05 (1174 turns).

Flugkiller the Sneak (Octopode Wanderer)            Turns: 1174, Time: 00:02:05

Health: -8/25      AC:  1    Str: 13    XL:     3   Next: 91%
Magic:  4/4        EV: 12    Int: 11    God:
Gold:   109        SH:  0    Dex: 13    Spells: 3/4 levels left

rFire    . . .     SeeInvis .   a - +2 mace
rCold    . . .     Gourm    .   (no shield)
rNeg     . . .     Faith    .   (helmet restricted)
rPois    .         Spirit   .   (no amulet)
rElec    .         Reflect  .   (no ring)
rCorr    .         Harm     .   (no ring)
MR       .....                  (no ring)
Stlth    +++.......             (no ring)
HPRegen  0.08/turn              (no ring)
MPRegen  0.09/turn              (no ring)
                                (no ring)
                                (no ring)

@: no status effects
A: almost no armour, stealthy swim, amphibious, 8 rings, constrict 8, camouflage
1, gelatinous body 1
a: no special abilities


You were on level 2 of the Dungeon.
You were not hungry.

You visited 1 branch of the dungeon, and saw 2 of its levels.

You collected 109 gold pieces.

Inventory:

Hand Weapons
 a - a +2 mace (weapon)
 b - a cursed -3 whip
   (You found it on level 1 of the Dungeon)
Missiles
 d - 68 stones (quivered)
 l - 8 silver javelins
Scrolls
 i - 2 scrolls of identify {unknown}
 j - a scroll of teleportation {unknown}
 k - a scroll of amnesia {unknown}
 n - a scroll of random uselessness {unknown}
Potions
 e - a potion of ambrosia {unknown}
 g - a potion of resistance {unknown}
 h - a potion of curing {unknown}
 m - a potion of berserk rage {unknown}
Comestibles
 c - a ration
 f - 4 chunks of flesh


   Skills:
 * Level 2.5 Fighting
 - Level 3.0 Maces & Flails
 + Level 0.8 Dodging
 - Level 4.0 Stealth
 - Level 1.0 Spellcasting
 - Level 2.0 Summonings
   Level 2.1 Evocations


You had 3 spell levels left.
You knew the following spells:

 Your Spells              Type           Power        Failure   Level  Hunger
a - Summon Butterflies    Summ           #.......     14%         1    ##.....

Your spell library contained the following spells:

 Spells                   Type           Power        Failure   Level  Hunger
 Recall                   Summ/Tloc      N/A          54%         3    ####...


Dungeon Overview and Level Annotations

Branches:
Dungeon (2/15)

Altars:

Annotations:
D:2 Natasha


Innate Abilities, Weirdness & Mutations

You cannot wear most types of armour.
You are very stealthy in the water. (Stealth+)
You are amphibious.
You can wear up to eight rings at the same time.
You can use your tentacles to constrict eight enemies at once.
Your skin changes colour to match your surroundings (Stealth+).
Your rubbery body absorbs attacks. (AC +1, EV +1)


Message History

There is an escape hatch in the floor here.
A rat comes into view.
Found a club.
Found a stone staircase leading up.
A rat is nearby!
A rat is nearby!
Some of the chunks of flesh in your inventory have rotted away.
A kobold comes into view.
The helpless rat fails to defend itself.
You hit the rat. Your grab misses the rat.
The rat is moderately wounded.
The rat bites you. The rat misses you.
You barely miss the rat. Your grab misses the rat.
The rat is moderately wounded.
The rat bites you.
You hit the rat.
You kill the rat!
A kobold is nearby!
A kobold is nearby!
The helpless kobold fails to defend itself.
You sock the kobold!
You kill the kobold!
No target in view!
d - 68 stones (gained 3)
Found a stone staircase leading up.
A dart slug comes into view.
A dart slug is nearby!
You hit the dart slug. You grab the dart slug.
The dart slug is moderately wounded.
You constrict the dart slug. The dart slug bites you.
You sock the dart slug!
You kill the dart slug!
No target in view!
No target in view!
You butcher the dart slug corpse.
f - 4 chunks of flesh (gained 2) Natasha, Servant of Life and Death comes into view.
Found a ration.
Unknown command.
Natasha hisses angrily.
Natasha drinks a potion.
Natasha suddenly seems more agile.
Natasha claws you.
You miss Natasha. You grab Natasha. Your squeeze misses Natasha.
You constrict Natasha. Natasha claws you!
* * * LOW HITPOINT WARNING * * *
Natasha claws you!
* * * LOW HITPOINT WARNING * * *
You hit Natasha.
Natasha is heavily wounded.
You constrict Natasha. Natasha claws you!
You die...

######.....###
##...####
###....<.#####
#...##.#...... #.##
#.####...
####.####.####.##
#..............#
#####.###.........##
#...@...#.........#
#.%h....#.........#
#.......#.......<.#
#.......#.........#
#########.........#
#.........#
###########


You could see Natasha.

Vanquished Creatures
  An adder (D:2)
  An ooze (D:2)
  A dart slug (D:2)
  2 leopard geckos
  6 bats
  7 goblins
  4 hobgoblins
  5 kobolds
  5 frilled lizards
  6 rats
38 creatures vanquished.

Notes
Turn   | Place    | Note
-------+----------+-------------------------------------------
     0 | D:1      | Flugkiller the Octopode Wanderer began the quest for the
                  | Orb.
     0 | D:1      | Flugkiller set off with the following items: a +2 mace, a
                  | ration; and the following spell memorised: Summon
                  | Butterflies; and the following spells available to
                  | memorise: Recall
     0 | D:1      | Reached XP level 1. HP: 14/14 MP: 2/2
    64 | D:1      | Reached skill level 1 in Stealth
   204 | D:1      | Reached skill level 2 in Stealth
   232 | D:1      | Reached XP level 2. HP: 16/19 MP: 3/3
   338 | D:1      | Reached skill level 3 in Stealth
   431 | D:1      | Reached XP level 3. HP: 24/24 MP: 4/4
   741 | D:2      | Reached skill level 4 in Stealth
  1169 | D:2      | Noticed Natasha
  1173 | D:2      | HP: 1/25 [Natasha (9)]
  1174 | D:2      | Mangled by Natasha

Levels and vault maps discovered:
D:1:      psy_arrival_terrarium, layout_basic
D:2:      wad_lake_hut, layout_rooms, grunt_temple_overflow_diamond,
          first_ration, uniq_natasha

Skill      XL: |  1  2  3 |
---------------+----------+-----
Stealth        | 2 3 4 |  4.0
Fighting       | |  2.5
Maces & Flails | |  3.0
Dodging        | |  0.8
Spellcasting   | |  1.0
Summonings     | |  2.0
Evocations     | |  2.1

Action                   || total
-------------------------++-------
Melee: Mace              ||    58
       Constrict         ||    11
       Tentacles         ||     7
 Stab: Sleeping          ||     9
       Distracted        ||     1
  Eat: Chunk             ||     1
Armor: Skin              ||     4
Dodge: Dodged            ||    30

Table legend:
 A = Non-vault XP
 B = Vault XP
 C = Vault XP percentage of total XP
 D = Non-vault monster count
 E = Vault monster count
 F = Vault count percentage of total count
                 A         B        C        D         E       F
            +---------+---------+-------+---------+---------+-------
      Total |      78 |       0 |   0.0 |      38 |       0 |   0.0
            +---------+---------+-------+---------+---------+-------
        D:1 |      35 |       0 |   0.0 |      22 |       0 |   0.0
        D:2 |      43 |       0 |   0.0 |      16 |       0 |   0.0
            +---------+---------+-------+---------+---------+-------
